Map: Moondance

Players

NightMare - Winner!

  • Race: Protoss Protoss
  • Spawn Location: 12:00

Padre

  • Race: Protoss Protoss
  • Spawn Location: 6:00

Event: DreamHack SC2 Masters 2022 Atlanta (Offline)

VOD

Have the link to the VOD?

Description

Time

  • Played on: Nov. 18, 2022, 1:31 p.m.
  • Length: 4:38

All games in this series

Show
View Real Time Build Order
Export as new Build Order

NightMare Protoss - Winner!

Build Orders:  

Get SALT Encoding   

  12  0:00  Probe  
  13  0:12  Probe  
  14  0:16  Pylon  
  14  0:24  Probe (Chrono Boost)  
  15  0:36  Probe (Chrono Boost)  
  15  0:37  Gateway  
  16  0:44  Probe (Chrono Boost)  
  16  0:48  Assimilator  
  17  0:51  Probe  
  17  0:56  Assimilator  
  18  1:03  Probe  
  19  1:09  Gateway  
  19  1:15  Probe  
  20  1:25  Cybernetics Core  
  20  1:27  Probe  
  21  1:33  Pylon  
  21  1:39  Probe  
  22  1:51  Probe  
  23  1:57  Warp Gate (Chrono Boost)  
  23  2:02  Stalker x2  
  23  2:06  Probe  
  28  2:11  Pylon  
  28  2:32  Stalker x2  
  32  2:42  Robotics Facility  
  32  2:48  Gateway  
  31  3:02  Stalker x2  
  35  3:11  Pylon  
  35  3:26  Warp Prism (Chrono Boost)  
  37  3:43  Stalker x2  
  41  3:49  Stalker  
  44  3:56  Observer  
  44  3:58  Pylon  
  40  4:25  Stalker x3  
Show
View Real Time Build Order
Export as new Build Order

Padre Protoss 

Build Orders: Dark Templar Rush 

Get SALT Encoding   

  12  0:00  Probe  
  13  0:12  Probe  
  14  0:16  Pylon  
  14  0:24  Probe (Chrono Boost)  
  15  0:36  Gateway  
  15  0:37  Probe (Chrono Boost)  
  16  0:43  Probe (Chrono Boost)  
  16  0:45  Assimilator  
  17  0:51  Probe  
  17  0:54  Assimilator  
  18  1:04  Probe (Chrono Boost)  
  18  1:10  Gateway  
  19  1:16  Probe (Chrono Boost)  
  20  1:23  Probe (Chrono Boost)  
  21  1:25  Cybernetics Core  
  21  1:30  Probe  
  22  1:37  Pylon  
  22  1:43  Probe  
  23  1:55  Probe  
  24  2:08  Warp Gate (Chrono Boost), Probe  
  29  2:10  Adept (Chrono Boost)  
  29  2:15  Stalker (Chrono Boost)  
  29  2:19  Pylon  
  29  2:25  Probe  
  29  2:28  Twilight Council  
  30  2:39  Probe  
  31  2:51  Pylon  
  31  2:53  Probe  
  31  2:54  Stalker  
  31  2:55  Stalker  
  34  3:05  Probe  
  35  3:15  Dark Shrine  
  35  3:17  Probe  
  35  3:19  Pylon  
  32  3:53  Stalker x2  
  32  3:55  Pylon  
  26  4:18  Probe  
  26  4:21  Stalker x2  
Tags
 
Add a new tag
Caveats
  • Supply blocks, unpowered buildings, or Contaminate may cause inaccurate times.
  • Supply counts are checked every 10 seconds.